 Dungeon Crawl Stone Soup version 0.19-GnollCrawlA-1-g03664ee (webtiles) character file.

141 GravitySqueeze the Shield-Bearer (level 1, -1/18 HPs)
             Began as a Formicid Fighter on Mar 2, 2017.
             Slain by a gnoll
             ... wielding a +0 whip
              (6 damage)
             ... on level 2 of the Depths.
             The game lasted 00:03:38 (1364 turns).

GravitySqueeze the Shield-Bearer (Formicid Fighter) Turns: 1364, Time: 00:03:38

Health: -1/18      AC:  9    Str: 20    XL:     1   Next: 0%
Magic:  1/1        EV:  7    Int:  7    God:
Gold:   34         SH:  9    Dex: 10    Spells: 0 memorised, 0 levels left

rFire  + . .     SeeInvis +     a - +0 long sword
rCold  . . .     Gourm    .     b - +1 scale mail
rNeg   + . .     Faith    .     c - +0 shield
rPois  .         Spirit   .     (helmet unavailable)
rElec  .         Dismiss  .     (no cloak)
rCorr  .         Reflect  .     (no gloves)
SustAt .         Harm     .     m - +0 pair of boots
MR     .....                    (no amulet)
Stlth  ..........               e - ring of positive energy (curse)
                                d - ring of protection from fire

@:
A: permanent stasis, dig shafts and tunnels, four strong arms, antennae 3
a: Dig, Shaft Self


You were on level 2 of the Depths.
You were not hungry.

You visited 2 branches of the dungeon, and saw 10 of its levels.

You collected 34 gold pieces.

Inventory:

Hand Weapons
 a - a +0 long sword (weapon)
Armour
 b - a +1 scale mail (worn)
 c - a +0 shield (worn)
 m - a +0 pair of boots (worn)
Jewellery
 d - a ring of protection from fire (left hand)
 e - a cursed ring of positive energy (right hand)
Wands
 n - a wand of hasting (6/9)
Scrolls
 h - a scroll of fear {unknown}
 o - a scroll of identify
Potions
 g - a potion of resistance {unknown}
 i - a potion of curing {unknown}
Comestibles
 f - 3 bread rations
 j - a meat ration
 k - 4 beef jerkies
 l - 7 slices of pizza


   Skills:
 + Level 3.2 Fighting
 + Level 2.0 Long Blades
 + Level 3.2 Armour
 + Level 3.6 Shields


You couldn't memorise any spells.
You didn't know any spells.

Dungeon Overview and Level Annotations

Branches:
Dungeon (15/15)            Depths (2/5) D:15
 Temple: D:1-2         Lair: D:8-11         Orc: D:9-12      Vaults: D:13-14

Altars:

Shops:
Depths:2 [!(

Portals:
Hell: Depths:2


Innate Abilities, Weirdness & Mutations

You are under a permanent stasis effect.
You can dig through walls and to a lower floor.
Your four strong arms can wield two-handed weapons with a shield.
You have a pair of large antennae on your head. (SInv)


Message History

You hit the gnoll.
The gnoll is severely wounded.
The gnoll hits you with a whip.
You barely miss the gnoll.
The gnoll is severely wounded.
You block the gnoll's attack.
You barely miss the gnoll.
The gnoll is severely wounded.
The gnoll hits you with a whip. You block the gnoll's attack.
You completely miss the gnoll.
The gnoll is severely wounded.
The gnoll hits you with a whip.
You closely miss the gnoll.
The gnoll is severely wounded.
The gnoll hits you with a whip.
* * * LOW HITPOINT WARNING * * *
You closely miss the gnoll.
The gnoll is severely wounded.
The gnoll hits you with a whip.
You die...

#......##......+..#...#######
#.######.......#..#...##....#
### #......##..#....'....#
##.....##..#....#)...#
#..........#....#<....
#..........#....#.....
##.....##..#....#.....
#####'# #...##....# #...@.#
#...##....# #...g.#
#.......... #.....+ .........
#.....# ......... #######
#########


You could see a gnoll.

Vanquished Creatures
  14 gnolls
14 creatures vanquished.

Notes
Turn   | Place    | Note
-------+----------+-------------------------------------------
     0 | D:1      | GravitySqueeze the Formicid Fighter began the quest for the Orb.
     0 | D:1      | Reached XP level 1. HP: 18/18 MP: 1/1
    28 | D:1      | You fall through a shaft!
   180 | D:2      | You fall through a shaft for 2 floors!
   192 | D:4      | You fall through a shaft for 3 floors!
   360 | D:7      | You fall through a shaft!
   388 | D:8      | You fall through a shaft for 3 floors!
   391 | D:11     | You fall through a shaft for 3 floors!
   651 | D:15     | Entered Level 15 of the Dungeon
   678 | D:15     | Found a staircase to the Depths.
   687 | Depths:1 | Entered Level 1 of the Depths
   716 | Depths:1 | You fall through a shaft!
   771 | Depths:2 | Found Jicaihob's Distillery.
  1087 | Depths:2 | Found a gateway to Hell.
  1131 | Depths:2 | Found Bis Buz's Weapon Shoppe.
  1322 | Depths:2 | Found Igudis's Armour Boutique.
  1364 | Depths:2 | Slain by a gnoll

Action                   || total
-------------------------++-------
Melee: Long sword        ||    83
 Abil: Shaft Self        ||     7
       Dig               ||     1
  Use: Scroll            ||     3
       Potion            ||     1
Armor: Scale mail        ||    11
Dodge: Dodged            ||    14
Block: Shield            ||    40
